 Dungeon Crawl Stone Soup version 0.22-a0-247-gbddf880 (webtiles) character file.

14 Amnesiac the Charlatan (level 2, 0/16 HPs)
             Began as a Deep Elf Artificer on Feb 25, 2018.
             Slain by a jackal (1 damage)
             ... on level 1 of the Dungeon.
             The game lasted 00:00:40 (751 turns).

Amnesiac the Charlatan (Deep Elf Artificer)          Turns: 751, Time: 00:00:42

Health: 0/16       AC:  3    Str:  9    XL:     2   Next: 27%
Magic:  6/6        EV: 12    Int: 15    God:
Gold:   14         SH:  0    Dex: 15    Spells: 1/1 levels left

rFire    . . .     SeeInvis .   a - +0 short sword
rCold    . . .     Gourm    .   (no shield)
rNeg     . . .     Faith    .   b - +0 leather armour
rPois    .         Spirit   .   (no helmet)
rElec    .         Reflect  .   (no cloak)
rCorr    .         Harm     .   (no gloves)
MR       .....                  (no boots)
Stlth    ++........             (no amulet)
HPRegen  0.05/turn              (no ring)
MPRegen  0.10/turn              (no ring)

@: no status effects
A: no striking features
a: no special abilities


You were on level 1 of the Dungeon.
You were not hungry.

You visited 1 branch of the dungeon, and saw 1 of its levels.

You collected 14 gold pieces.

Inventory:

Hand Weapons
 a - a +0 short sword (weapon)
Missiles
 i - 69 stones (quivered)
Armour
 b - a +0 leather armour (worn)
 h - a scarf of spirit shield
Wands
 c - a wand of flame (15)
 d - a wand of enslavement (15)
 e - a wand of random effects (15)
Scrolls
 j - a scroll of enchant armour {!r, unknown}
Potions
 g - a potion of lignification {!q, unknown}
Comestibles
 f - a ration


   Skills:
 + Level 1.2 Fighting
 - Level 1.0 Short Blades
 - Level 2.4 Dodging
 - Level 1.2 Stealth
 * Level 3.9 Evocations


You had one spell level left.
You didn't know any spells.

Dungeon Overview and Level Annotations

Branches:
Dungeon (1/15)

Altars:


Message History

The hobgoblin is severely wounded.
The hobgoblin closely misses you.
You hit the hobgoblin.
You kill the hobgoblin!
No target in view!
You start resting.
HP restored.
Found 13 poisoned needles.
i - 69 stones (gained 25)
You now have 14 gold pieces (gained 7).
Found a scroll labeled FUSOMN SEYTT and a pair of boots.
A rat comes into view.
You see here 2 yellow potions {!q}.
You hit the rat.
The rat is heavily wounded.
The rat bites you.
You closely miss the rat.
The rat is heavily wounded.
The rat barely misses you.
You completely miss the rat.
The rat is heavily wounded.
The rat bites you but does no damage.
You barely miss the rat.
The rat is heavily wounded.
The rat bites you but does no damage.
You hit the rat.
You kill the rat!
A jackal comes into view.
The jackal barks!
You hear a bark! x3
Found a stone staircase leading down.
You see here a rat corpse.
You closely miss the jackal. The jackal closely misses you.
A jackal comes into view.
The jackal bites you.
A jackal comes into view.
The jackal barely misses you. The jackal barely misses you.
You hit the jackal.
You kill the jackal!
The jackal bites you.
* * * LOW HITPOINT WARNING * * *
You hit the jackal.
The jackal is moderately wounded.
The jackal bites you but does no damage.
You hit the jackal but do no damage.
The jackal is moderately wounded.
The jackal closely misses you. The jackal misses you.
The jackal barks!
You hit the jackal but do no damage.
The jackal is moderately wounded.
The jackal bites you.
* * * LOW HITPOINT WARNING * * *
You hit the jackal.
The jackal is almost dead.
The jackal barely misses you. The jackal bites you.
* * * LOW HITPOINT WARNING * * *
You closely miss the jackal.
The jackal is almost dead.
The jackal bites you.
* * * LOW HITPOINT WARNING * * *
You barely miss the jackal.
The jackal is almost dead.
The jackal closely misses you. The jackal bites you.
You die...

.........# ###.........#
.........####.........#.#
............+.........#.######.
...........##.......>.#........
..............###...........###
..............# ###+#.......#
..............# #.+.......#
..............#####.#.......#
..............#(@hh.........#
######........#.###.........# #
#........#. ##..#+#####
######...#. #......... ..
#!†....... ## #.........
..h.....?.> #############
###......... #...........####
.....[....


You could see 2 jackals.

Vanquished Creatures
  An ooze (D:1)
  A goblin (D:1)
  2 hobgoblins (D:1)
  A jackal (D:1)
  A bat (D:1)
  A frilled lizard (D:1)
  3 rats (D:1)
10 creatures vanquished.

Notes
Turn   | Place    | Note
-------+----------+-------------------------------------------
     0 | D:1      | Amnesiac the Deep Elf Artificer began the quest for the Orb.
     0 | D:1      | Reached XP level 1. HP: 11/11 MP: 5/5
   372 | D:1      | Reached skill level 1 in Fighting
   372 | D:1      | Reached XP level 2. HP: 4/16 MP: 6/6
   751 | D:1      | Slain by a jackal

Vault maps used:
D:1:      dpeg_arrival_circle_labyrinth_a

Skill      XL: |  1 |
---------------+----+-----
Fighting       | 1 |  1.2
Short Blades   | |  1.0
Dodging        | |  2.4
Stealth        | |  1.2
Evocations     | |  3.9

Action                   || total
-------------------------++-------
Melee: Short sword       ||    44
 Stab: Sleeping          ||     2
Armor: Leather armour    ||     8
Dodge: Dodged            ||    23

Table legend:
 A = Spawn XP
 B = Non-spawn XP
 C = Spawn XP percentage of total XP
 D = Spawn monster count
 E = Non-spawn monster count
 F = Spawn count percentage of total count
 G = Total turns spent on level
                    A         B        C        D         E        F      G
               +---------+---------+-------+---------+---------+-------+---------
         Total |       0 |      20 |   0.0 |       0 |      10 |   0.0 |   751
               +---------+---------+-------+---------+---------+-------+---------
           D:1 |       0 |      20 |   0.0 |       0 |      10 |   0.0 |   751
               +---------+---------+-------+---------+---------+-------+---------
